 Dungeon Crawl Stone Soup version 0.31-a0-1009-g454b1f1 (webtiles) character file.

Game seed: 15573819969519256622

81925 Partyfoot the Brawler (level 15, -12/120 HPs)
             Began as a Demonspawn Shapeshifter on Nov 14, 2023.
             Was the Champion of Wu Jian.
             Mangled by an orc knight
             ... wielding a +1 bardiche
              (43 damage)
             ... on level 2 of the Orcish Mines.
             The game lasted 01:39:52 (17500 turns).

Partyfoot the Brawler (Demonspawn Shapeshifter)    Turns: 17500, Time: 01:39:53

Health: -12/120    AC: 22    Str: 27    XL:     15   Next: 28%
Magic:  21/21      EV: 24    Int: 11    God:    Wu Jian [******]
Gold:   2472       SH:  0    Dex: 17    Spells: 18/22 levels left

rFire   . .          .
                       - Unarmed
rCold   . . .        (shield currently unavailable)
rNeg    . . .        y - +4 chain mail "Hagunaotz" {rPois Dex+3}
rPois   +            S - +0 helmet
rElec   .            (cloak unavailable)
rCorr   .            H - +3 pair of gauntlets of War {Slay+5}
SInv    .            (boots unavailable)
Will    ++...        l - amulet of regeneration Stlth
                     v - +6 ring of strength
HPRegen 1.20/turn    o - +5 ring of evasion
MPRegen 0.17/turn

%: no passive effects
@: mighty, agile, exhausted, flux-form, wereblooded, in a heavenly storm,
glowing
A: glow, contaminating, hooves 3, powered by pain 3, weakness stinger 3, demonic
touch 1, strong-willed 1, noise suppression
a: Begin Untransformation, Renounce Religion, Wall Jump, Serpent's Lash,
Heavenly Storm


You were on level 2 of the Orcish Mines.
You worshipped Wu Jian.
Wu Jian was exalted by your worship.
You were something dangerously unstable.
You visited 3 branches of the dungeon, and saw 20 of its levels.
You also visited: Ossuary, Bailey, Gauntlet and Ice Cave.

You collected 2790 gold pieces.
You spent 318 gold pieces at shops.

Inventory:

Missiles
 J - 2 throwing nets
Armour
 a - a +2 crystal plate armour of cold resistance
 y - the +4 chain mail "Hagunaotz" (worn) {rPois Dex+3}
   (You found it on level 8 of the Dungeon)

   Dex+3:     It affects your dexterity (+3).
   rPois:     It protects you from poison
 H - the +3 pair of gauntlets of War (worn) {Slay+5}
   (You found it in a bailey)

   Slay+5:    It affects your accuracy & damage with ranged weapons and melee
   (+5).
 S - a +0 helmet (worn)
Jewellery
 l - an amulet of regeneration (around neck)
 o - a +5 ring of evasion (right hand)
 t - a ring of resist corrosion
 u - a ring of ice
 v - a +6 ring of strength (left hand)
 C - an amulet of faith
 I - a ring of protection from fire
Talismans
 c - a beast talisman
 d - a flux talisman (active)
 n - a serpent talisman
 V - a dragon-blood talisman
Wands
 f - a wand of roots (9)
 i - a wand of digging (2)
 q - a wand of flame (52)
 L - a wand of charming (19)
 O - a wand of mindburst (16)
Scrolls
 m - 3 scrolls of enchant armour
 r - 3 scrolls of vulnerability
 D - 2 scrolls of poison
 E - 4 scrolls of teleportation
 G - a scroll of brand weapon
 K - 3 scrolls of revelation
 M - 2 scrolls of immolation
 N - 5 scrolls of fear
 P - 2 scrolls of fog {unknown}
 Q - a scroll of noise {unknown}
 R - 6 scrolls of identify
 T - a scroll of enchant weapon {unknown}
 U - a scroll of amnesia {unknown}
Potions
 b - 3 potions of lignification
 e - a potion of invisibility
 g - a potion of haste {unknown}
 h - 3 potions of brilliance
 j - 4 potions of heal wounds
 k - 9 potions of curing
 p - 3 potions of might
 s - 4 potions of enlightenment
 w - 6 potions of mutation
 x - a potion of cancellation
 z - a potion of berserk rage
 A - 2 potions of ambrosia
 B - 4 potions of attraction
 F - 2 potions of resistance


   Skills:
 + Level 12.0 Fighting
 - Level 11.1 Armour
 - Level 2.4 Dodging
 + Level 16.8 Unarmed Combat
 - Level 4.1 Spellcasting
 - Level 5.0 Translocations
 - Level 5.0 Transmutations
 - Level 7.7 Shapeshifting


You had 18 spell levels left.
You knew the following spells:

 Your Spells              Type           Power      Damage    Failure   Level
a - Blink                 Tloc           26%        N/A       16%         2
b - Wereblood             Tmut           13%        N/A       16%         2

Your spell library contained the following spells:

 Spells                   Type           Power      Damage    Failure   Level
 Apportation              Tloc           26%        N/A       11%         1
 Lesser Beckoning         Tloc           26%        N/A       16%         2
 Momentum Strike          Conj/Tloc      14%        3d8       41%         2
 Kiss of Death            Conj/Necr      8%         2d6       63%         1
 Necrotise                Necr           8%         1d4       63%         1
 Summon Small Mammal      Summ           8%         N/A       63%         1
 Static Discharge         Conj/Air       4%         3-4/arc   77%         2
 Confusing Touch          Hex            2%         N/A       94%         3
 Tukima's Dance           Hex            2%         N/A       94%         3
 Dimensional Bullseye     Hex/Tloc       3%         N/A       96%         4
 Iskenderun's Mystic Bla  Conj/Tloc      7%         2d4       96%         4
 Airstrike                Air            1%         2d(1-17)  100%        4
 Dispel Undead            Necr           2%         3d7       100%        4
 Leda's Liquefaction      Hex/Erth       1%         N/A       100%        4
 Summon Lightning Spire   Summ/Air       2%         N/A       100%        4
 Discord                  Hex            1%         N/A       100%        8


Dungeon Overview and Level Annotations

Branches:
Dungeon (13/15)            Temple (0/1) D:6            Lair (5/5) D:11
  Swamp (0/4) Lair:3        Snake (0/4) Lair:3        Slime (0/5) Lair:4
    Orc (2/2) D:11            Elf (0/3) Orc:2       Ossuary (visited)
 Bailey (visited)           IceCv (visited)         Gauntlet (visited)
 Vaults: D:13-14

Altars:
Ashenzari
Cheibriados
Dithmenos
Gozag
Okawaru
Wu Jian
Xom
Jiyva

Shops:
D:5 *   D:6 !   D:9 :   Orc:1 (   Orc:2 (!

Annotations:
D:6 Jeremiah
D:9 Gastronok
D:12 3 runed translucent doors, Fawk's ghost, journeyman TrFi; Kodinear's ghost, journeyman DsDe
Lair:2 1 runed translucent door, Afrinuqu's ghost, journeyman HOFi


Innate Abilities, Weirdness & Mutations

You are something dangerously unstable.
You glow with magical radiation, making you easy to see and hit.
Foes you strike become dangerously contaminated with magical radiation.
You are incapable of wielding weapons or throwing items.
You have hooves in place of feet.
You are powered by pain.
You have a sharp stinger which inflicts weakening toxins.
Your touch may inflict minor irresistible damage on your foes.
You are strong-willed. (Will+)
You passively dampen the noise of your surroundings.


Message History

Sifu Xiang Ba says: The storm will not cease as long as you keep fighting, disciple!
The orc knight roars a battlecry!
The orc knight hits you with a +1 battleaxe.
The orc high priest completely misses you.
The soul eater closely misses you.
You punch the orc high priest!
The orc high priest begins to glow.
Your kick misses the orc high priest.
The orc high priest is moderately wounded.
You hear a shout!
The sixfirhy completely misses you.
The orc knight roars a battlecry!
The orc high priest invokes the aid of Beogh against you.
Beogh smites you!
You focus on the pain.
You feel agile all of a sudden.
You hear a shout!
You pummel the orc high priest!!
The orc high priest glows dangerously bright.
You tail-slap the orc high priest!
You feel a bit better.
You kill the orc high priest!
The Council accepts your kill.
The sixfirhy misses you. x2; The soul eater closely misses you.
The sixfirhy misses you. The orc warrior completely misses you.
The orc knight barely misses you.
You feel very mighty all of a sudden. The soul eater barely misses you.
The orc warrior closely misses you.
The orc knight hits you with a +1 battleaxe!!
The orc knight closely misses you.
The orc high priest utters an invocation to Beogh.
You punch the orc knight!
The orc knight begins to glow.
Your touch misses the orc knight.
The orc knight is lightly wounded.
You howl as the wereblood boils in your veins!
The soul eater hits you but does no damage.
You barely miss the orc warrior.
You hear a shout!
The orc knight stops glowing.
The orc warrior hits you with a +0 short sword!
* * * LOW HITPOINT WARNING * * *
The orc knight hits you from afar with a +1 bardiche!!!
You die...

#.##..... ## #.#.....oo #.##.....
.# .#....o.#####.##..... ##
......o............. #
#...o.o#####.##..... #
.........##.##..... # #
#ooo○....##.##..... #∩
#oooo#...##.##..... #.
#p3##..##..##.....
#∩.#3##...##.###.....
#.°oo)..##..# #.....
##..o).##..## #..... ########
#####....## #..... ##.#.##.#
###### #.....
###.......##################.....
.##..............................
..##.#......................)....


You could see 3 orc knights, a soul eater (summoned, contam, weak), an orc high
priest (strong), a sixfirhy (summoned), 2 orc warriors, an orc priest (strong)
and 2 orc wizards.

Vanquished Creatures
  A frost giant (IceCv)
  A minotaur (Gauntlet)
  Snorg (Orc:1)
  An entropy weaver (Gauntlet)
  Fannar (D:10)
  3 hydras
  3 two-headed ogres
  7 death yaks
  2 orc high priests
  3 boulder beetles
  A tengu warrior (D:13)
  Urug (Lair:4)
  4 skeletal warriors (D:12)
  2 skysharks
  3 orc knights
  Pikel (D:7)
  3 cyclopes
  3 manticores
  4 orc sorcerers
  2 deep elf pyromancers
  A salamander (Lair:3)
  3 ugly things
  16 elephants
  5 black mambas
  An ice statue (IceCv)
  21 cane toads
  2 unseen horrors
  15 komodo dragons
  7 rime drakes (IceCv)
  2 kobold demonologists
  Maggie (Lair:1)
  2 minotaur zombies (Gauntlet)
  A queen bee (Gauntlet)
  7 trolls
  4 polar bears
  3 tyrant leeches (Lair:5)
  Grinder (D:5)
  25 blink frogs
  5 dream sheep (Lair:3)
  2 jumping spiders (Gauntlet)
  5 slime creatures (D:13)
  A shadow (D:12)
  3 wraiths
  62 yaks
  Eustachio (D:6)
  2 basilisks
  6 wyverns
  3 steam dragons
  10 vampire mosquitoes
  3 nagas (Lair:3)
  2 wargs
  Edmund (D:6)
  An acid dragon (D:9)
  15 water moccasins
  A swamp drake (D:11)
  21 orc warriors
  2 black bears
  2 ice beasts
  8 ogres
  19 wolves
  A phantom (D:5)
  6 centaurs
  A kobold brigand (D:6)
  19 bullfrogs
  8 scorpions
  3 gnoll sergeants
  3 wights (D:8)
  14 killer bees
  6 howler monkeys
  An electric eel (Lair:5)
  A centaur zombie (Ossuary)
  2 lava snakes (D:7)
  3 hounds
  3 human zombies (Ossuary)
  6 jellies (Lair:4)
  12 orc priests
  3 sleepcaps
  2 gnoll boudas (D:7)
  3 iguanas
  23 orc wizards
  2 scorpion zombies (Ossuary)
  5 hell rats (Lair:5)
  3 mummies (Ossuary)
  29 gnolls
  6 adders
  3 shadow imps
  4 worms
  2 dart slugs
  67 orcs
  9 ball pythons
  10 endoplasms
  4 giant cockroaches
  2 gnoll zombies (Ossuary)
  21 goblins
  18 hobgoblins
  12 jackals
  13 kobolds
  5 quokkas
  4 bats
  5 frilled lizards
  3 goblin zombies (Ossuary)
  2 hobgoblin zombies (Ossuary)
  A kobold zombie (Ossuary)
  An orc zombie (Ossuary)
  8 rats
698 creatures vanquished.

Vanquished Creatures (others)
  A polar bear (IceCv)
  An orc priest (Orc:2)
2 creatures vanquished.

Grand Total: 700 creatures vanquished

Notes
Turn   | Place    | Note
-------+----------+-------------------------------------------
     0 | D:1      | Partyfoot the Demonspawn Shapeshifter began the quest for
                  | the Orb.
     0 | D:1      | Reached XP level 1. HP: 15/15 MP: 1/1
    97 | D:1      | Reached skill level 3 in Unarmed Combat
   201 | D:1      | Gained mutation: You sometimes gain a little power by
                  | taking damage. [demonic ancestry]
   201 | D:1      | Reached XP level 2. HP: 21/21 MP: 2/2
   646 | D:1      | You fall into a shaft and drop 1 floor!
   646 | D:2      | Found an opulent altar of Gozag.
   691 | D:2      | Reached XP level 3. HP: 26/26 MP: 3/3
   793 | D:2      | Reached skill level 4 in Unarmed Combat
  1214 | D:2      | Discovered your monstrous ancestry.
  1214 | D:2      | Gained mutation: You have large cloven feet. [demonic
                  | ancestry]
  1214 | D:2      | Reached XP level 4. HP: 32/32 MP: 4/4
  1554 | D:2      | Learned a level 2 spell: Blink
  1987 | D:3      | Reached skill level 1 in Translocations
  2003 | D:3      | Reached skill level 5 in Unarmed Combat
  2051 | D:3      | Reached XP level 5. HP: 34/37 MP: 5/5
  2142 | D:3      | Found a shadowy altar of Dithmenos.
  2181 | D:3      | Identified the orb of Happy Babbling {guile, -Tele rN+
                  | Regen+}
  2330 | D:5      | Entered Level 5 of the Dungeon
  2423 | D:5      | Gained mutation: You sometimes gain power by taking damage.
                  | [demonic ancestry]
  2423 | D:5      | Reached XP level 6. HP: 18/43 MP: 6/6
  3218 | D:5      | Reached skill level 6 in Unarmed Combat
  3218 | D:5      | Reached skill level 1 in Spellcasting
  3237 | D:5      | Gained mutation: You have a small tail. [demonic ancestry]
  3237 | D:5      | Reached XP level 7. HP: 47/48 MP: 9/9
  3317 | D:5      | Noticed Grinder
  3322 | D:6      | Noticed Edmund
  3322 | D:6      | Noticed Eustachio
  3322 | D:6      | Found a staircase to the Ecumenical Temple.
  3330 | D:5      | Paralysed by Grinder for 3 turns
  3337 | D:5      | Killed Grinder
  3571 | D:5      | Identified the +1 pair of boots "Adosigil" {Int+4}
  3705 | D:5      | Found Cecsigh's Lightly-Used Armoury.
  3775 | D:5      | Reached skill level 7 in Unarmed Combat
  3805 | D:5      | Found an ornate altar of the Wu Jian Council.
  3810 | D:5      | Noticed a spectral centipede
  3810 | D:5      | Noticed a spectral black mamba
  3810 | D:5      | Noticed a spectral cane toad
  3811 | D:5      | Became a worshipper of the Wu Jian Council
  4132 | D:6      | Reached XP level 8. HP: 19/54 MP: 12/14
  4223 | D:6      | Noticed Jeremiah
  4377 | D:6      | Found Pechij Yroas's Distillery.
  4550 | D:7      | Noticed Pikel
  4558 | D:7      | Found a sand-covered staircase.
  4565 | D:7      | Killed Pikel
  4566 | D:7      | Reached skill level 8 in Unarmed Combat
  4572 | Ossuary  | Entered an ossuary
  4695 | Ossuary  | Gained mutation: You have a tail ending in a sharp stinger.
                  | [demonic ancestry]
  4695 | Ossuary  | Reached XP level 9. HP: 63/67 MP: 15/15
  4705 | Ossuary  | Reached * piety under Wu Jian
  4756 | Ossuary  | Reached skill level 5 in Fighting
  4840 | Ossuary  | Reached skill level 9 in Unarmed Combat
  5170 | D:7      | Reached ** piety under Wu Jian
  5333 | D:6      | Killed Eustachio
  5453 | D:6      | Killed Edmund
  5474 | D:6      | Bought a potion of mutation for 112 gold pieces
  5474 | D:6      | Bought a potion of heal wounds for 70 gold pieces
  5474 | D:6      | Bought a potion of heal wounds for 70 gold pieces
  5475 | D:6      | Gained mutation: You are strong-willed. (Will+) [potion of
                  | mutation]
  5475 | D:6      | Gained mutation: You passively dampen the noise of your
                  | surroundings. [potion of mutation]
  5902 | D:7      | Reached skill level 10 in Unarmed Combat
  6038 | D:8      | Found a broken altar of Ashenzari.
  6038 | D:8      | Noticed a kobold demonologist
  6045 | D:8      | Noticed a smoke demon
  6127 | D:8      | Noticed a hellwing
  6128 | D:8      | Killed a kobold demonologist
  6129 | D:8      | Reached XP level 10. HP: 78/80 MP: 16/16
  6192 | D:8      | Identified the +4 chain mail "Hagunaotz" {rPois Dex+3}
  6194 | D:8      | Noticed a manticore
  6202 | D:8      | Killed a manticore
  6773 | D:9      | Noticed Gastronok
  6799 | D:9      | Found Etsik's Tiny Tomes.
  6804 | D:9      | Bought Sif Muna's Thoughts on Vicissitude for 66 gold
                  | pieces
  6807 | D:9      | Learned a level 2 spell: Wereblood
  6837 | D:9      | Reached skill level 1 in Armour
  6931 | D:9      | Noticed a two-headed ogre
  6986 | D:9      | Killed a two-headed ogre
  6987 | D:9      | Reached skill level 1 in Transmutations
  7020 | D:9      | Identified the +0 pair of gloves of Ferocious Life {Harm
                  | Stlth+}
  7078 | D:9      | Found an iron altar of Okawaru.
  7600 | Bailey   | Identified the "Ehothrapo"
  7600 | D:10     | Entered Level 10 of the Dungeon
  7600 | D:10     | Noticed Fannar
  7611 | D:10     | Killed Fannar
  7612 | D:10     | Reached skill level 11 in Unarmed Combat
  7752 | D:10     | Noticed a deep elf pyromancer
  7754 | D:10     | Found a flagged portal.
  7757 | D:10     | Killed a deep elf pyromancer
  7758 | D:10     | Gained mutation: You have hoof-like feet. [demonic
                  | ancestry]
  7758 | D:10     | Reached XP level 11. HP: 82/86 MP: 17/17
  7758 | D:10     | Reached *** piety under Wu Jian
  7768 | Bailey   | Entered a bailey
  7873 | Bailey   | Acquired 699 gold pieces
  7897 | Bailey   | Noticed an orc sorcerer
  7908 | Bailey   | Killed an orc sorcerer
  7977 | Bailey   | Found an iron altar of Okawaru.
  7977 | Bailey   | Noticed an orc high priest
  7986 | Bailey   | Killed an orc high priest
  7987 | Bailey   | Found the +3 pair of gauntlets of War {Slay+5}
  8263 | D:10     | Reached skill level 5 in Armour
  8372 | D:10     | Reached **** piety under Wu Jian
  8592 | D:11     | Identified the of Cail
  8787 | D:11     | Reached skill level 5 in Transmutations
  8931 | D:12     | Identified the "Goanne Hosy"
  8931 | D:12     | Noticed a two-headed ogre
  8938 | D:12     | Killed a two-headed ogre
  8939 | D:12     | Reached skill level 5 in Translocations
  9018 | D:12     | Reached skill level 12 in Unarmed Combat
  9040 | D:12     | Noticed a skeletal warrior
  9153 | D:12     | Killed a skeletal warrior
  9181 | D:12     | Noticed a skeletal warrior
  9224 | D:12     | Killed a skeletal warrior
  9263 | D:12     | Noticed a skeletal warrior
  9363 | D:12     | Gained mutation: You have a sharp stinger which inflicts
                  | weakening toxins. [demonic ancestry]
  9363 | D:12     | Reached XP level 12. HP: 84/92 MP: 18/18
  9452 | D:12     | Found a runed translucent gate.
  9453 | D:12     | Found a runed translucent gate.
  9453 | D:12     | Found a runed translucent gate.
  9466 | D:12     | Noticed a boulder beetle
  9475 | D:12     | Killed a boulder beetle
  9616 | D:11     | Reached ***** piety under Wu Jian
  9655 | D:11     | Found a staircase to the Orcish Mines.
  9759 | D:11     | Found a staircase to the Lair.
 10009 | D:11     | Found a snail-covered altar of Cheibriados.
 10207 | D:12     | Noticed Kodinear's ghost (journeyman DsDe)
 10208 | D:12     | Noticed Fawk's ghost (journeyman TrFi)
 10300 | D:12     | Noticed a two-headed ogre
 10306 | D:12     | Killed a two-headed ogre
 10307 | D:12     | Reached skill level 13 in Unarmed Combat
 10312 | D:12     | Reached skill level 5 in Shapeshifting
 10652 | D:13     | Found a frozen archway.
 10675 | IceCv    | Entered an ice cave
 10688 | IceCv    | Noticed a death yak
 10697 | IceCv    | Killed a death yak
 10698 | IceCv    | Reached skill level 10 in Fighting
 10738 | IceCv    | Noticed a death yak
 10740 | IceCv    | Noticed a death yak
 10742 | IceCv    | Killed a death yak
 10749 | IceCv    | Killed a death yak
 11012 | IceCv    | Noticed a frost giant
 11020 | IceCv    | Noticed a death yak
 11022 | IceCv    | Killed a frost giant
 11023 | IceCv    | Gained mutation: You are powered by pain. [demonic
                  | ancestry]
 11023 | IceCv    | Reached XP level 13. HP: 73/104 MP: 19/19
 11443 | D:13     | Noticed an ironbound thunderhulk
 11460 | D:13     | Reached skill level 14 in Unarmed Combat
 11614 | D:14     | Identified the of Cikkecocw
 11614 | D:14     | Identified the "Kisaghim"
 11614 | D:14     | Identified the "Fatisai"
 11614 | Lair:1   | Entered Level 1 of the Lair of Beasts
 11624 | Lair:1   | Found a gate leading to a gauntlet.
 11633 | Gauntlet | Entered a Gauntlet
 11633 | Gauntlet | Found a transporter.
 11633 | Gauntlet | Found a transporter.
 11633 | Gauntlet | Found a transporter.
 11637 | Gauntlet | Found a transporter.
 11637 | Gauntlet | Found a transporter.
 11637 | Gauntlet | Found a transporter.
 11650 | Gauntlet | Found a transporter.
 11653 | Gauntlet | Found a transporter.
 11659 | Gauntlet | Found a transporter.
 11666 | Gauntlet | Found a transporter.
 11769 | Gauntlet | Found a transporter.
 11779 | Gauntlet | Found a transporter.
 11976 | Gauntlet | Identified the +1 chain mail of Esips {Drain rF++ Str+3}
 11976 | Gauntlet | Noticed a minotaur
 11989 | Gauntlet | Killed a minotaur
 11992 | Gauntlet | Identified the +3 sling "Demonspawn's Foe" {flame, rC++
                  | Will+ Stlth+}
 11992 | Gauntlet | Identified the +10 whip of Upsae {heavy, Str+6 Int+3}
 12236 | Lair:1   | Noticed Maggie
 12244 | Lair:1   | Killed Maggie
 13102 | Lair:2   | Identified the +0 scale mail of Zaah {rN+ Str+3 Dex-2}
 13337 | Lair:2   | Gained mutation: Your touch may inflict minor irresistible
                  | damage on your foes. [demonic ancestry]
 13337 | Lair:2   | Reached XP level 14. HP: 97/113 MP: 20/20
 13478 | Lair:2   | Found a runed translucent door.
 13478 | Lair:2   | Found a shimmering altar of Xom.
 13478 | Lair:2   | Noticed Afrinuqu's ghost (journeyman HOFi)
 13610 | Lair:2   | Identified the +5 hand axe of the Morning {flame, Str+3}
 13747 | Lair:2   | Reached skill level 15 in Unarmed Combat
 14445 | Lair:3   | Reached ****** piety under Wu Jian
 14463 | Lair:3   | Found a staircase to the Swamp.
 14910 | Lair:3   | Found a staircase to the Snake Pit.
 15173 | Lair:4   | Noticed Urug
 15178 | Lair:4   | Killed Urug
 15458 | Lair:4   | Found a staircase to the Slime Pits.
 15460 | Lair:4   | Found a viscous altar of Jiyva.
 15499 | Lair:4   | Reached skill level 10 in Armour
 15730 | Lair:5   | Entered Level 5 of the Lair of Beasts
 15785 | Lair:5   | Reached skill level 16 in Unarmed Combat
 16113 | Lair:5   | Gained mutation: You have hooves in place of feet. [demonic
                  | ancestry]
 16113 | Lair:5   | Reached XP level 15. HP: 119/119 MP: 21/21
 16595 | Orc:1    | Entered Level 1 of the Orcish Mines
 16629 | Orc:1    | Noticed Snorg
 16637 | Orc:1    | Killed Snorg
 16695 | Orc:1    | Found Izxousubb's Firing Range.
 16801 | Orc:1    | You fall into a shaft and drop 1 floor!
 16801 | Orc:2    | Entered Level 2 of the Orcish Mines
 17089 | Orc:2    | Found a staircase to the Elven Halls.
 17122 | Orc:2    | Paralysed by an orc sorcerer for 4 turns
 17483 | Orc:2    | Found Keiler's Distillery.
 17490 | Orc:2    | Found Pozeakheg's Antique Weapon Shoppe.
 17500 | Orc:2    | Mangled by an orc knight

Illustrated notes

Levels and vault maps discovered:
D:1:      dpeg_arrival_solitude, layout_basic, st_stairs_1, minmay_pentomino_v2
D:2:      layout_basic, basic_altar
D:3:      layout_rooms, grunt_dithmenos_smoke
D:4:      layout_basic
D:5:      layout_loops_ring, pdpol_wu_jian_five_deadly_venoms,
          minmay_shop_damaged, nicolae_eternal_life, nicolae_titane,
          uniq_grinder
D:6:      layout_loops_cross, minmay_temple_entry_sparse_star, serial_shops,
          shop, nicolae_sextant, minmay_misc_feat_encased, uniq_edmund,
          uniq_eustachio, uniq_jeremiah
D:7:      layout_cave_pools, lightli_ossuary_entry_decrepit_ruins,
          kennysheep_cross_room, hangedman_decor_clover_reticule,
          kennysheep_generic_room_13, uniq_pikel
D:8:      layout_rooms, ashenzari_conservatory_becter
D:9:      layout_basic, okawaru_ov_weapons_minmay,
          nicolae_shop_i_like_small_books_too, uniq_gastronok
D:10:     layout_big_octagon, enter_bailey_3, uniq_fannar
D:11:     layout_small_grid, david_lair_generic, erik_orc_1, slow_altar_2
D:12:     layout_stronghold, gammafunk_ghost_cemetery, minivault_19
D:13:     evilmike_halls_of_destruction, layout_layer_cave,
          hellmonk_vaults_keyhole, portal_ice_cave_entry_pillars_1,
          kennysheep_nub
Lair:1:   layout_layer_cave, gauntlet_entry_generic, uniq_maggie
Lair:2:   nzn_winding_woodlands_three_and_one
          [nzn_winding_woodlands_5x15_pockets, nzn_winding_woodlands_5x15_pool,
          nzn_winding_woodlands_5x15_cabin,
          nzn_winding_woodlands_center_garden], layout_long_grid,
          ebering_ghost_xom, nzn_sisyphean_effort
Lair:3:   layout_long_grid, swamp_mist, alex1729_snake_entry_snake,
          minmay_hedge_maze, infiniplex_staircase_pool
Lair:4:   layout_concentric_octagons, nicolae_slime_entry_field_trip, uniq_urug
Lair:5:   minmay_lair_end_frog_pond, layout_cave_shapes
Orc:1:    layout_diamond_mine, nicolae_shop_firing_range, uniq_snorg
Orc:2:    st_orc_elflike, layout_diamond_mine, basic_altar

Skill      XL: |  1  2  3  4  5  6  7  8  9 10 11 12 13 14 15 |
---------------+----------------------------------------------+-----
Unarmed Combat | 3 4 5 6 7 8 10 11 12 13 14 16 | 16.8
Translocations | 1 2 3 5 |  5.0
Spellcasting   | 1 4 |  4.1
Fighting       | 4 7 8 10 11 12 | 12.0
Shapeshifting  | 3 6 7 |  7.7
Armour         | 4 7 10 11 | 11.1
Transmutations | 3 5 |  5.0
Dodging        | 2 |  2.4

Action                     |  1- 3 |  4- 6 |  7- 9 | 10-12 | 13-15 || total
---------------------------+-------+-------+-------+-------+-------++-------
  Melee: Unarmed           |   144 |   216 |   294 |   587 |   838 ||  2079
         Punch             |     2 |     6 |    16 |    29 |    29 ||    82
         Kick              |       |    57 |   102 |   189 |   331 ||   679
         Tailslap          |       |       |    46 |   106 |   152 ||   304
         Touch             |       |       |       |       |   118 ||   118
   Cast: Blink             |       |       |     1 |     2 |     1 ||     4
         Wereblood         |       |       |       |     5 |    14 ||    19
 Invoke: Serpent's Lash    |       |       |       |     5 |     6 ||    11
         Heavenly Storm    |       |       |       |       |     1 ||     1
Ability: Lunge             |       |       |    19 |    64 |    76 ||   159
         Whirlwind         |       |       |     7 |    61 |   182 ||   250
         Begin Untransform |       |       |       |     1 |       ||     1
  Evoke: Wand              |       |       |       |     2 |     3 ||     5
    Use: Scroll            |       |     7 |     8 |     4 |     5 ||    24
         Potion            |       |       |     5 |     3 |     2 ||    10
   Stab: Sleeping          |       |     1 |       |       |       ||     1
         Invisible         |       |       |     2 |       |     6 ||     8
 Armour: Animal skin       |    74 |    35 |       |       |       ||   109
         Chain mail        |       |   140 |    31 |   311 |   456 ||   938
         Ring mail         |       |       |   123 |    11 |       ||   134
  Dodge: Dodged            |   106 |    73 |   188 |   243 |   493 ||  1103
   Form: Flux              |       |       |       |       |     1 ||     1

Table legend: (Time is in decaauts)
 A = Elapsed time spent in this place.
 B = Non-inter-level travel time spent in this place.
 C = Inter-level travel time spent in this place.
 D = Time resting spent in this place.
 E = Time spent auto-exploring this place.
 F = Levels seen in this place.
 G = Mean time per level.
                   A        B        C        D        E       F      G
               +--------+--------+--------+--------+--------+-----+--------+
         Total |  17207 |  15907 |   1300 |   1299 |   9108 |  24 |  717.0 |
       Dungeon |   9971 |   9077 |    894 |    942 |   5346 |  13 |  767.0 |
          Lair |   4391 |   3986 |    405 |    109 |   2770 |   5 |  878.2 |
  Orcish Mines |    885 |    885 |      0 |     44 |    521 |   2 |  442.5 |
       Ossuary |    384 |    384 |      0 |     18 |    110 |   1 |  384.0 |
        Bailey |    445 |    445 |      0 |     36 |     61 |   1 |  445.0 |
      Ice Cave |    660 |    660 |      0 |     63 |    187 |   1 |  660.0 |
      Gauntlet |    468 |    468 |      0 |     87 |    113 |   1 |  468.0 |
               +--------+--------+--------+--------+--------+-----+--------+

Top non-repeatable levels by time:
    D:12: 1241 daAuts
  Lair:2: 1161 daAuts
     D:5: 1098 daAuts
  Lair:1: 1015 daAuts
     D:2: 981 daAuts
     D:1: 905 daAuts
     D:9: 888 daAuts
    D:11: 881 daAuts
  Lair:3: 793 daAuts
     D:6: 788 daAuts
     D:7: 777 daAuts
  Lair:5: 739 daAuts
  Lair:4: 682 daAuts
     D:4: 670 daAuts
   IceCv: 660 daAuts
